Map: Ascension to Aiur LE

Players

Freakshow - Winner!

  • Race: Protoss Protoss
  • Spawn Location: 5:00

A.I. 1 (Easy)

  • Race: Protoss Protoss
  • Spawn Location: 11:00

VOD

Have the link to the VOD?

Description

Time

  • Played on: Jan. 10, 2018, 9:05 a.m.
  • Length: 14:45
Show
View Real Time Build Order
Export as new Build Order

Freakshow Protoss - Winner!

Build Orders:  

Get SALT Encoding   

  12  0:01  Probe  
  13  0:13  Probe  
  14  0:18  Pylon  
  14  0:27  Probe  
  15  0:38  Gateway  
  15  0:42  Assimilator  
  15  0:45  Probe  
  16  0:58  Probe  
  17  1:10  Probe  
  18  1:22  Probe  
  19  1:28  Cybernetics Core  
  19  1:33  Assimilator  
  19  1:35  Probe  
  20  1:47  Probe  
  20  1:49  Nexus  
  21  1:59  Probe  
  22  2:12  Pylon  
  22  2:17  Pylon  
  22  2:25  Forge  
  22  2:30  Stalker, Warp Gate (Chrono Boost)  
  24  2:45  Probe  
  25  2:57  Probe  
  26  3:03  Gateway  
  26  3:04  Gateway  
  26  3:08  Twilight Council  
  26  3:22  Stalker  
  28  3:36  Probe x2  
  30  3:42  Protoss Ground Weapons Level 1  
  30  3:48  Probe x2  
  32  4:00  Stalker  
  34  4:30  Blink  
  34  4:38  Stalker x2  
  38  4:52  Pylon  
  38  4:56  Pylon  
  38  5:01  Pylon  
  38  5:03  Probe  
  38  5:04  Pylon, Probe  
  40  5:07  Assimilator, Pylon  
  40  5:11  Assimilator  
  40  5:15  Stalker, Probe  
  40  5:16  Stalker x2, Probe  
  48  5:31  Robotics Facility  
  48  5:37  Protoss Ground Armor Level 1  
  48  5:45  Zealot x3  
  54  6:07  Templar Archives  
  54  6:14  Probe x2  
  56  6:19  Zealot x2  
  56  6:20  Zealot  
  62  6:26  Probe x2  
  62  6:28  Observer  
  65  6:40  Charge  
  65  6:55  Immortal  
  65  6:56  Zealot x2  
  65  6:57  Zealot  
  75  7:06  Gateway  
  75  7:07  Gateway  
  73  7:09  Gateway  
  73  7:12  Gateway  
  71  7:19  Sentry  
  71  7:21  Zealot x2  
  76  7:34  Immortal  
  80  8:12  Probe x2  
  82  8:17  Nexus, Zealot x3  
  88  8:20  Immortal  
  88  8:24  Probe x2  
  93  8:55  Pylon  
  93  8:57  Pylon  
  93  8:59  Pylon  
  93  9:02  Pylon  
  93  9:10  Probe  
  93  9:13  Assimilator, Immortal, Probe  
  99  9:18  Assimilator  
  99  9:22  Probe  
  100  9:25  Probe  
  101  9:53  Zealot x2  
  101  9:54  Zealot x5  
  115  10:03  Observer  
  116  10:25  Dark Shrine  
  116  10:37  Zealot x5  
  116  10:38  Zealot  
  128  10:51  Pylon  
  128  10:53  Pylon  
  128  10:57  Pylon  
  128  11:06  Probe x3  
  131  11:12  Pylon  
  131  11:13  Pylon  
  131  11:15  Pylon  
  131  11:18  Pylon, Probe x3  
  133  11:22  Pylon  
  133  11:25  Pylon  
  133  11:41  Dark Templar  
  133  11:42  Dark Templar x4  
  133  11:43  Dark Templar x2  
  145  12:32  Zealot x2  
  145  12:33  Zealot x3  
  155  12:46  Gateway  
  155  12:48  Gateway  
  155  12:49  Gateway  
  155  12:52  Gateway  
  155  12:54  Gateway x2  
  155  13:08  Zealot x4  
  155  13:09  Zealot x2  
  167  14:03  Stalker x2  
  167  14:04  Stalker x2  
  167  14:05  Stalker x2  
  167  14:06  Stalker x4  
  167  14:07  Stalker x2  
  191  14:35  Stalker x3  
  191  14:36  Stalker  
Show
View Real Time Build Order
Export as new Build Order

A.I. 1 (Easy) Protoss 

Build Orders:  

Get SALT Encoding   

  12  0:00  Probe  
  13  0:13  Probe  
  14  0:19  Pylon  
  14  0:25  Probe  
  15  0:37  Probe  
  16  0:44  Assimilator  
  16  0:51  Gateway  
  16  0:55  Pylon  
  16  1:18  Assimilator  
  16  1:40  Zealot  
  16  1:43  Cybernetics Core  
  18  2:07  Pylon  
  18  2:10  Probe  
  19  2:19  Stalker  
  19  2:21  Warp Gate  
  19  2:22  Probe  
  22  2:34  Probe  
  23  2:46  Probe  
  24  2:51  Adept  
  26  2:58  Probe  
  27  3:10  Probe  
  28  3:23  Stalker  
  30  3:55  Adept  
  32  4:41  Probe  
  32  6:52  Sentry, Probe  
  32  6:53  Pylon  
  35  6:58  Nexus  
  33  7:14  Robotics Facility  
  33  7:16  Stalker  
  33  7:17  Pylon  
  35  7:40  Sentry  
  29  8:02  Observer  
  29  8:04  Stalker  
  32  8:11  Probe  
  33  8:15  Probe  
  33  8:19  Assimilator  
  34  8:20  Assimilator  
  34  8:23  Observer, Probe  
  36  8:27  Probe  
  36  8:29  Zealot  
  39  8:35  Probe  
  39  8:40  Probe  
  41  8:47  Probe  
  42  8:52  Probe  
  42  8:53  Adept  
  45  8:59  Probe  
  46  9:04  Probe  
  47  9:11  Probe  
  47  9:16  Probe  
  49  9:17  Stalker  
  49  9:23  Probe  
  52  9:28  Probe  
  53  9:36  Probe  
  54  9:40  Probe  
  55  9:48  Probe  
  55  9:52  Probe  
  57  10:00  Probe  
  57  10:04  Probe  
  59  10:12  Probe  
  60  10:16  Probe  
  61  10:24  Probe  
  62  11:51  Sentry  
  51  12:01  Gateway  
  51  12:04  Forge, Probe  
  51  12:06  Robotics Bay  
  24  12:10  Pylon  
  24  12:14  Sentry  
  22  12:16  Probe  
  22  12:17  Twilight Council  
Tags
 
Add a new tag
Caveats
  • Supply blocks, unpowered buildings, or Contaminate may cause inaccurate times.
  • Supply counts are checked every 10 seconds.